COLUMBUS vs NEW YORK I

Created - April 9, 2021 at 11:07

Goals
1 2 3 OT1 T
COLUMBUS 0 3 3 0 6
NEW YORK I 3 3 0 1 7
Shots
1 2 3 OT1 T
COLUMBUS 11 10 8 4 33
NEW YORK I 15 9 3 1 28

1st period

1. NEW YORK I , Brandon Saad 14 (Ryan Strome 23, Ben Hutton 13) at 4:10
2. NEW YORK I , Brandon Saad 15 (Anthony Mantha 13, Ryan Strome 24) at 5:02
3. NEW YORK I , Esa Lindell 9 (Scott Mayfield 18, Ryan Strome 25) at 11:51 (PP)

Penalties :
Erik Cernak (CBJ) for Hooking (Minor) at 7:32, Erik Cernak (CBJ) for Cross-checking (Minor) at 9:54, Jacob Trouba (CBJ) for Diving (Minor) at 14:40

2nd period

4. NEW YORK I , Jared Spurgeon 9 (Pierre-Edouard Bellemare 7, Pat Maroon 2) at 4:02
5. NEW YORK I , Josh Bailey 8 (Esa Lindell 16) at 6:10 (PP)
6. COLUMBUS , Anthony Beauvillier 6 (Jacob Trouba 29, Derek Grant 10) at 6:20
7. COLUMBUS , Jack Roslovic 6 (Cam Atkinson 8, Jacob Trouba 30) at 7:05
8. NEW YORK I , Logan Couture 18 (Ben Hutton 14, Josh Bailey 23) at 13:48
9. COLUMBUS , Anthony Beauvillier 7 (Erik Cernak 11) at 18:59

Penalties :
John Carlson (CBJ) for Tripping (Minor) at 5:35, Matt Dumba (NYI) for Slashing (Minor) at 14:27, Marcus Foligno (NYI) for Tripping (Minor) at 19:04

3rd period

10. COLUMBUS , Erik Cernak 3 (Anthony Beauvillier 15, T.J. Oshie 15) at 1:06
11. COLUMBUS , Jack Roslovic 7 (Sean Kuraly 4) at 7:26
12. COLUMBUS , Jonathan Drouin 5 (T.J. Oshie 16, Jacob Trouba 31) at 14:27 (PP)

Penalties :
Logan Couture (NYI) for Slashing (Minor) at 4:57, Esa Lindell (NYI) for Tripping (Minor) at 13:03

Overtime #1

13. NEW YORK I , Pierre-Edouard Bellemare 4 (Matt Dumba 19) at 4:40

Penalties :
No Penalty

Goalie Stats

David Rittich (CBJ), 21 saves from 28 shots - (0.750), OTL, 15-4-1, 64:41 minutes
Jacob Markstrom (NYI), 27 saves from 33 shots - (0.818), W, 27-10-2, 64:41 minutes

Players Stats for COLUMBUS

Player Name              G  A  P  +/- PIM S  H  SB GA TA FO     MP     PP MP  PK MP  
------------------------------------------------------------------------------------
Aleksander Barkov        0  0  0  -1  0   3  0  1  0  0  17/33  26:20   3:35   4:04 
Anthony Beauvillier      2  1  3  -1  0   4  0  0  0  0  1/1     9:07   0:00   0:00 
Ben Chiarot              0  0  0   1  0   0  0  1  0  0  0/0    21:25   3:39   3:10 
Cam Atkinson             0  1  1   2  0   0  0  0  0  0  0/0    14:37   0:00   0:00 
Carl Gunnarsson          0  0  0   0  0   0  0  0  0  0  0/0     0:00   0:00   0:00 
Claude Giroux            0  0  0  -1  0   2  2  0  0  0  2/5    21:36   3:35   0:00 
Derek Grant              0  1  1   0  0   1  2  0  0  0  8/14   10:57   0:00   2:23 
Erik Cernak              1  1  2   1  4   1  0  0  0  0  0/0    15:10   0:00   0:00 
Jack Roslovic            2  0  2   2  0   3  0  0  0  0  0/0     8:08   0:00   0:29 
Jacob Trouba             0  3  3   1  2   1  1  3  0  0  0/0    22:50   3:39   2:04 
John Carlson             0  0  0  -2  2   1  0  1  0  0  0/0    24:56   3:42   2:45 
Jonathan Drouin          1  0  1   0  0   2  1  0  0  0  2/2    19:09   3:46   0:00 
Lars Eller               0  0  0  -1  0   2  0  1  0  0  17/28  23:23   3:46   3:41 
Mattias Ekholm           0  0  0  -1  0   2  0  0  0  0  0/0    25:19   3:42   3:40 
Ryan Murray              0  0  0   1  0   0  0  1  0  0  0/0    14:57   0:00   1:21 
Sean Kuraly              0  1  1   2  0   4  1  0  0  0  5/10    8:19   0:00   0:00 
Steven Stamkos           0  0  0  -1  0   4  3  0  0  0  0/1    19:44   3:35   0:00 
T.J. Oshie               0  2  2   0  0   3  2  0  0  0  1/1    21:32   3:46   2:23 

Players Stats for NEW YORK I

Player Name              G  A  P  +/- PIM S  H  SB GA TA FO     MP     PP MP  PK MP  
------------------------------------------------------------------------------------
Anthony Mantha           0  1  1   0  0   4  3  0  0  0  0/1    18:25   3:01   0:00 
Austin Watson            0  0  0   0  0   0  0  0  0  0  0/0    16:04   0:00   4:18 
Ben Hutton               0  2  2  -1  0   0  0  2  0  0  0/0    15:00   0:00   0:00 
Boone Jenner             0  0  0   0  0   0  0  0  0  0  11/27  17:02   0:00   5:16 
Brandon Saad             2  0  2   0  0   3  1  0  0  0  0/0    18:25   3:01   0:00 
Carter Rowney            0  0  0   0  0   0  0  0  0  0  1/1     2:00   0:00   2:00 
Cedric Paquette          0  0  0   1  0   0  1  0  0  0  3/5     7:50   0:00   2:00 
Esa Lindell              1  1  2   0  2   3  0  2  0  0  0/0    24:24   3:05   3:11 
Jared Spurgeon           1  0  1   0  0   2  1  1  0  0  0/0    18:34   3:25   0:00 
Josh Bailey              1  1  2  -2  0   4  0  0  0  0  1/1    18:36   3:29   0:00 
Logan Couture            1  0  1  -2  2   2  0  0  0  0  9/27   19:08   3:29   0:00 
Marcus Foligno           0  0  0   1  2   1  1  0  0  0  0/0    12:28   0:00   0:00 
Matt Dumba               0  1  1   1  2   1  4  1  0  0  0/0    19:38   0:00   1:58 
Nick Foligno             0  0  0  -2  0   2  5  0  0  0  0/1    22:01   3:29   1:03 
Pat Maroon               0  1  1   1  0   1  0  0  0  0  0/0     5:28   0:00   0:00 
Pierre-Edouard Bellemare 1  1  2   2  0   1  0  0  0  0  5/8     6:07   0:00   0:05 
Rasmus Ristolainen       0  0  0   0  0   0  0  0  0  0  0/0    24:52   2:41   4:35 
Ryan Strome              0  3  3   0  0   1  1  0  0  0  12/24  18:25   3:01   0:00 
Scott Mayfield           0  1  1  -1  0   2  2  3  0  0  0/0    18:59   3:05   2:30 
Troy Stecher             0  0  0   0  0   1  0  0  0  0  0/0     3:12   0:44   2:28 

3 Stars

1 - Jack Roslovic (CBJ)
2 - Brandon Saad (NYI)
3 - Anthony Beauvillier (CBJ)

Power Play

COLUMBUS - 1 on 4 Attempt(s) - 25.00%
NEW YORK I - 2 on 4 Attempt(s) - 50.00%

Penalty Kill

COLUMBUS - 2 on 4 Attempt(s) - 50.00% - Score 0 goal in Penalty Kill
NEW YORK I - 3 on 4 Attempt(s) - 75.00% - Score 0 goal in Penalty Kill

Team Stat

COLUMBUS - Hits : 12 - Faceoff Wins : 53 - Blocked Shots : 8 - Penalty Minutes : 8
NEW YORK I - Hits : 19 - Faceoff Wins : 42 - Blocked Shots : 9 - Penalty Minutes : 8

Official

Referees : Camerson Stephens and Jim Curtin
Linesman : Andrew Mielniczek and Shandor Alphonso

Game Notes

No Game Note

Finance

Level 1 -- Attendance: 4708 (78.47%) -- Ticket Income $470,800
Level 2 -- Attendance: 3574 (71.48%) -- Ticket Income $214,440
Level 3 -- Attendance: 1764 (88.20%) -- Ticket Income $61,740
Level 4 -- Attendance: 3975 (99.38%) -- Ticket Income $79,500
Luxury Box -- Attendance: 774 (77.40%) -- Ticket Income $154,800
Game was played at the Nassau Coliseum.
Total Attendance: 14795 (82.19%)
Total Ticket Income: $981,280
Total Income: $981,280

COLUMBUS

5 vs 5 Forward 
   Center                   Left Wing                Right Wing               Time % Phy DF OF 
 1 Aleksander Barkov        Claude Giroux            Steven Stamkos           35     1   2  2  
 2 Lars Eller               Jonathan Drouin          T.J. Oshie               35     1   2  2  
 3 Derek Grant              Anthony Beauvillier      Cam Atkinson             20     1   2  2  
 4 Sean Kuraly              Jack Roslovic            Cam Atkinson             10     1   2  2  

5 vs 5 Defense 
   Defense                  Defense                                           Time % Phy DF OF 
 1 John Carlson             Mattias Ekholm                                    35     1   2  2  
 2 Jacob Trouba             Ben Chiarot                                       30     1   2  2  
 3 Erik Cernak              Ryan Murray                                       25     1   2  2  
 4 Mattias Ekholm           John Carlson                                      10     1   2  2  

PowerPlay Forward 
   Center                   Left Wing                Right Wing               Time % Phy DF OF 
 1 Aleksander Barkov        Claude Giroux            Steven Stamkos           60     1   2  2  
 2 Lars Eller               Jonathan Drouin          T.J. Oshie               40     1   2  2  

PowerPlay Defense
   Defense                  Defense                                           Time % Phy DF OF 
 1 John Carlson             Mattias Ekholm                                    60     1   2  2  
 2 Jacob Trouba             Ben Chiarot                                       40     1   2  2  

Penalty Kill 4 Players Forward 
   Center                   Wing                     Time % Phy DF OF 
 1 Aleksander Barkov        Lars Eller               60     1   2  2  
 2 Derek Grant              T.J. Oshie               40     1   2  2  

Penalty Kill 4 Players Defense
   Defense                  Defense                  Time % Phy DF OF 
 1 John Carlson             Mattias Ekholm           60     1   2  2  
 2 Jacob Trouba             Ben Chiarot              40     1   2  2  

Penalty Kill - 3 Players Forward 
   Forward                                           Time % Phy DF OF 
 1 Lars Eller                                        60     1   2  2  
 2 Derek Grant                                       40     1   2  2  

Penalty Kill - 3 Players Defense
   Defense                  Defense                  Time % Phy DF OF 
 1 John Carlson             Mattias Ekholm           60     1   2  2  
 2 Jacob Trouba             Ben Chiarot              40     1   2  2  

4 vs 4 Forward 
   Center                   Wing                     Time % Phy DF OF 
 1 Aleksander Barkov        Steven Stamkos           60     1   2  2  
 2 Claude Giroux            Cam Atkinson             40     1   2  2  

4 vs 4 Defense
   Defense                  Defense                  Time % Phy DF OF 
 1 John Carlson             Mattias Ekholm           60     1   2  2  
 2 Jacob Trouba             Ben Chiarot              40     1   2  2  

Last Minutes Offensive
   Center                   Left Wing                Right Wing               Defense                  Defense                  
   Aleksander Barkov        Claude Giroux            Steven Stamkos           John Carlson             Mattias Ekholm           

Last Minutes Defensive
   Center                   Left Wing                Right Wing               Defense                  Defense                  
   Aleksander Barkov        Claude Giroux            Steven Stamkos           John Carlson             Mattias Ekholm           

Goaltenders
Starting : David Rittich            
Backup : Mikko Koskinen           

Extra Forwards
Normal : Derek Grant, Sean Kuraly, Jack Roslovic - PP : Derek Grant, Sean Kuraly - PK : Jack Roslovic
Extra Defensemen
Normal : Erik Cernak, Ryan Murray, Ben Chiarot - PP : Erik Cernak - PK : Ryan Murray, Mattias Ekholm
Penalty Shots
Aleksander Barkov, Steven Stamkos, Claude Giroux, Cam Atkinson, T.J. Oshie

Scratches
CBJ Cap Hit (Suspend)

NEW YORK I

5 vs 5 Forward 
   Center                   Left Wing                Right Wing               Time % Phy DF OF 
 1 Logan Couture            Nick Foligno             Josh Bailey              35     1   1  3  
 2 Ryan Strome              Brandon Saad             Anthony Mantha           30     1   2  2  
 3 Boone Jenner             Marcus Foligno           Austin Watson            25     1   2  2  
 4 Pierre-Edouard Bellemare Pat Maroon               Cedric Paquette          10     2   3  0  

5 vs 5 Defense 
   Defense                  Defense                                           Time % Phy DF OF 
 1 Rasmus Ristolainen       Esa Lindell                                       35     1   2  2  
 2 Matt Dumba               Jared Spurgeon                                    30     1   2  2  
 3 Ben Hutton               Scott Mayfield                                    25     1   2  2  
 4 Rasmus Ristolainen       Esa Lindell                                       10     1   2  2  

PowerPlay Forward 
   Center                   Left Wing                Right Wing               Time % Phy DF OF 
 1 Logan Couture            Nick Foligno             Josh Bailey              60     1   2  2  
 2 Ryan Strome              Brandon Saad             Anthony Mantha           40     1   2  2  

PowerPlay Defense
   Defense                  Defense                                           Time % Phy DF OF 
 1 Rasmus Ristolainen       Jared Spurgeon                                    60     1   2  2  
 2 Scott Mayfield           Esa Lindell                                       40     1   2  2  

Penalty Kill 4 Players Forward 
   Center                   Wing                     Time % Phy DF OF 
 1 Boone Jenner             Austin Watson            60     1   2  2  
 2 Cedric Paquette          Carter Rowney            40     1   2  2  

Penalty Kill 4 Players Defense
   Defense                  Defense                  Time % Phy DF OF 
 1 Rasmus Ristolainen       Esa Lindell              60     1   2  2  
 2 Matt Dumba               Scott Mayfield           40     1   2  2  

Penalty Kill - 3 Players Forward 
   Forward                                           Time % Phy DF OF 
 1 Boone Jenner                                      60     1   2  2  
 2 Marcus Foligno                                    40     1   2  2  

Penalty Kill - 3 Players Defense
   Defense                  Defense                  Time % Phy DF OF 
 1 Rasmus Ristolainen       Esa Lindell              60     1   2  2  
 2 Jared Spurgeon           Scott Mayfield           40     1   2  2  

4 vs 4 Forward 
   Center                   Wing                     Time % Phy DF OF 
 1 Logan Couture            Brandon Saad             60     1   2  2  
 2 Ryan Strome              Anthony Mantha           40     1   2  2  

4 vs 4 Defense
   Defense                  Defense                  Time % Phy DF OF 
 1 Rasmus Ristolainen       Esa Lindell              60     1   2  2  
 2 Jared Spurgeon           Scott Mayfield           40     1   2  2  

Last Minutes Offensive
   Center                   Left Wing                Right Wing               Defense                  Defense                  
   Logan Couture            Brandon Saad             Anthony Mantha           Rasmus Ristolainen       Jared Spurgeon           

Last Minutes Defensive
   Center                   Left Wing                Right Wing               Defense                  Defense                  
   Boone Jenner             Marcus Foligno           Cedric Paquette          Rasmus Ristolainen       Scott Mayfield           

Goaltenders
Starting : Jacob Markstrom          
Backup : Curtis McElhinney        

Extra Forwards
Normal : Austin Watson, Josh Bailey, Pat Maroon - PP : Pierre-Edouard Bellemare, Cedric Paquette - PK : Austin Watson
Extra Defensemen
Normal : Troy Stecher, Jared Spurgeon, Ben Hutton - PP : Troy Stecher - PK : Scott Mayfield, Troy Stecher
Penalty Shots
Logan Couture, Anthony Mantha, Brandon Saad, Nick Foligno, Ryan Strome

Scratches
NYI Cap Hit (Suspend)

% Time on Ice - COLUMBUS

Lines # - Real PCT - Wanted PCT - Time Play
Normal Forward
1 - 35% - 35% - 16:09
2 - 33% - 35% - 15:23
3 - 19% - 20% - 8:34
4 - 13% - 10% - 6:03
Normal Defense
1 - 34% - 35% - 15:50
2 - 32% - 30% - 14:36
3 - 29% - 25% - 13:36
4 - 5% - 10% - 2:07
PP Forward
1 - 49% - 60% - 3:35
2 - 51% - 40% - 3:46
PP Defense
1 - 50% - 60% - 3:42
2 - 50% - 40% - 3:39
PK Forward
1 - 63% - 60% - 4:07
2 - 37% - 40% - 2:23
PK Defense
1 - 51% - 60% - 3:20
2 - 49% - 40% - 3:10
PK3 Forward
1 - 0% - 60%
2 - 0% - 40%
PK3 Defense
1 - 0% - 60%
2 - 0% - 40%
44 Forward
1 - 0% - 60%
2 - 0% - 40%
44 Defense
1 - 0% - 60%
2 - 0% - 40%
Last Minute Offensive  - 0:00
Last Minute Defensive  - 0:00
Total
Forward - 60:00
Defense - 60:00

% Time on Ice - NEW YORK I

Lines # - Real PCT - Wanted PCT - Time Play
Normal Forward
1 - 33% - 35% - 15:07
2 - 33% - 30% - 15:24
3 - 25% - 25% - 11:46
4 - 8% - 10% - 3:52
Normal Defense
1 - 33% - 35% - 15:07
2 - 33% - 30% - 15:09
3 - 29% - 25% - 13:24
4 - 5% - 10% - 2:29
PP Forward
1 - 54% - 60% - 3:29
2 - 46% - 40% - 3:01
PP Defense
1 - 53% - 60% - 3:25
2 - 47% - 40% - 3:05
PK Forward
1 - 73% - 60% - 5:21
2 - 27% - 40% - 2:00
PK Defense
1 - 62% - 60% - 4:35
2 - 38% - 40% - 2:46
PK3 Forward
1 - 0% - 60%
2 - 0% - 40%
PK3 Defense
1 - 0% - 60%
2 - 0% - 40%
44 Forward
1 - 0% - 60%
2 - 0% - 40%
44 Defense
1 - 0% - 60%
2 - 0% - 40%
Last Minute Offensive  - 0:00
Last Minute Defensive  - 0:00
Total
Forward - 60:00
Defense - 60:00

Play-by-Play

1st period


0:01 of 1st period - Aleksander Barkov wins face-off versus Logan Couture in neutral zone.
0:01 of 1st period - Aleksander Barkov is hit by Nick Foligno.
0:25 of 1st period - Nick Foligno is hit by Claude Giroux and loses puck.
0:35 of 1st period - Off-side.
0:36 of 1st period - Ryan Strome wins face-off versus Lars Eller in neutral zone.
1:13 of 1st period - Shot by Anthony Mantha.
1:13 of 1st period - Stopped by David Rittich without a rebound.
1:14 of 1st period - Derek Grant wins face-off versus Boone Jenner in COLUMBUS zone.
1:23 of 1st period - Shot by Anthony Beauvillier.
1:23 of 1st period - Shot Blocked by Scott Mayfield.
1:25 of 1st period - Shot by Ryan Murray.
1:25 of 1st period - Deflect By Anthony Beauvillier.
1:25 of 1st period - Shot Misses the Net.
1:35 of 1st period - Shot by Anthony Beauvillier.
1:35 of 1st period - Stopped by Jacob Markstrom without a rebound.
1:36 of 1st period - Pierre-Edouard Bellemare wins face-off versus Aleksander Barkov in NEW YORK I zone.
2:01 of 1st period - Pierre-Edouard Bellemare is hit by Steven Stamkos and loses puck.
2:39 of 1st period - Shot by Sean Kuraly.
2:39 of 1st period - Stopped by Jacob Markstrom without a rebound.
2:40 of 1st period - Jonathan Drouin wins face-off versus Logan Couture in NEW YORK I zone.
2:54 of 1st period - Off-side.
2:55 of 1st period - Boone Jenner wins face-off versus Derek Grant in neutral zone.
4:10 of 1st period - Shot by Brandon Saad.
4:10 of 1st period - Goal by Brandon Saad - COLUMBUS : 0 - NEW YORK I : 1.
4:11 of 1st period - Lars Eller wins face-off versus Logan Couture in neutral zone.
4:16 of 1st period - Shot by T.J. Oshie.
4:16 of 1st period - Shot Misses the Net.
4:40 of 1st period - Shot by Nick Foligno.
4:40 of 1st period - Shot Misses the Net.
4:50 of 1st period - Shot by Josh Bailey.
4:50 of 1st period - Deflect By Logan Couture.
4:50 of 1st period - Shot Misses the Net.
4:52 of 1st period - Shot by Josh Bailey.
4:52 of 1st period - Stopped by David Rittich without a rebound.
4:53 of 1st period - Ryan Strome wins face-off versus Aleksander Barkov in COLUMBUS zone.
5:02 of 1st period - Shot by Brandon Saad.
5:02 of 1st period - Goal by Brandon Saad - COLUMBUS : 0 - NEW YORK I : 2.
5:03 of 1st period - Aleksander Barkov wins face-off versus Boone Jenner in neutral zone.
5:10 of 1st period - Shot by Steven Stamkos.
5:10 of 1st period - Shot Misses the Net.
5:12 of 1st period - Shot by Aleksander Barkov.
5:12 of 1st period - Stopped by Jacob Markstrom without a rebound.
5:13 of 1st period - Claude Giroux wins face-off versus Ryan Strome in NEW YORK I zone.
5:41 of 1st period - Jared Spurgeon is hit by Jacob Trouba and loses puck.
5:57 of 1st period - Claude Giroux is hit by Ryan Strome and loses puck.
6:27 of 1st period - Icing by Mattias Ekholm.
6:28 of 1st period - Logan Couture wins face-off versus Lars Eller in COLUMBUS zone.
6:57 of 1st period - Shot by Nick Foligno.
6:57 of 1st period - Shot Misses the Net.
7:27 of 1st period - Icing by Sean Kuraly.
7:28 of 1st period - Boone Jenner wins face-off versus Sean Kuraly in COLUMBUS zone.
7:32 of 1st period - Minor Penalty to Erik Cernak for Hooking.
7:33 of 1st period - Aleksander Barkov wins face-off versus Ryan Strome in COLUMBUS zone.
8:00 of 1st period - Shot by Jared Spurgeon.
8:00 of 1st period - Shot Misses the Net.
8:54 of 1st period - Icing by Anthony Mantha.
8:55 of 1st period - Aleksander Barkov wins face-off versus Ryan Strome in NEW YORK I zone.
9:14 of 1st period - Shot by Troy Stecher.
9:14 of 1st period - Stopped by David Rittich with a rebound.
9:42 of 1st period - Cam Atkinson is hit by Scott Mayfield and loses puck.
9:53 of 1st period - Shot by Marcus Foligno.
9:53 of 1st period - Shot Misses the Net.
9:54 of 1st period - Minor Penalty to Erik Cernak for Cross-checking.
9:55 of 1st period - Aleksander Barkov wins face-off versus Logan Couture in COLUMBUS zone.
10:24 of 1st period - Shot by Esa Lindell.
10:24 of 1st period - Shot Misses the Net.
10:36 of 1st period - Shot by Anthony Mantha.
10:36 of 1st period - Shot Blocked by Jacob Trouba.
10:38 of 1st period - Shot by Jared Spurgeon.
10:38 of 1st period - Shot Blocked by Jacob Trouba.
10:40 of 1st period - Shot by Rasmus Ristolainen.
10:40 of 1st period - Shot Misses the Net.
10:42 of 1st period - Shot by Ryan Strome.
10:42 of 1st period - Shot Misses the Net.
10:44 of 1st period - Shot by Jared Spurgeon.
10:44 of 1st period - Stopped by David Rittich without a rebound.
10:45 of 1st period - Derek Grant wins face-off versus Logan Couture in COLUMBUS zone.
11:00 of 1st period - Shot by T.J. Oshie.
11:00 of 1st period - Stopped by Jacob Markstrom without a rebound.
11:01 of 1st period - Derek Grant wins face-off versus Ryan Strome in NEW YORK I zone.
11:16 of 1st period - Off-side.
11:17 of 1st period - Logan Couture wins face-off versus Aleksander Barkov in neutral zone.
11:20 of 1st period - Mattias Ekholm is hit by Nick Foligno and loses puck.
11:45 of 1st period - Shot by Nick Foligno.
11:45 of 1st period - Stopped by David Rittich without a rebound.
11:46 of 1st period - Ryan Strome wins face-off versus Lars Eller in COLUMBUS zone.
11:47 of 1st period - Shot by Scott Mayfield.
11:47 of 1st period - Shot Blocked by Lars Eller.
11:49 of 1st period - Shot by Scott Mayfield.
11:49 of 1st period - Shot Blocked by Aleksander Barkov.
11:51 of 1st period - Shot by Esa Lindell.
11:51 of 1st period - Goal by Esa Lindell - COLUMBUS : 0 - NEW YORK I : 3.
11:52 of 1st period - Sean Kuraly wins face-off versus Boone Jenner in neutral zone.
11:55 of 1st period - Rasmus Ristolainen is hit by Sean Kuraly and loses puck.
12:16 of 1st period - Shot by Jack Roslovic.
12:16 of 1st period - Shot Misses the Net.
12:52 of 1st period - Shot by Anthony Mantha.
12:52 of 1st period - Stopped by David Rittich without a rebound.
12:53 of 1st period - Lars Eller wins face-off versus Logan Couture in COLUMBUS zone.
12:53 of 1st period - Lars Eller is hit by Nick Foligno.
13:15 of 1st period - Shot by Josh Bailey.
13:15 of 1st period - Shot Misses the Net.
13:17 of 1st period - Shot by Matt Dumba.
13:17 of 1st period - Stopped by David Rittich without a rebound.
13:18 of 1st period - Ryan Strome wins face-off versus Steven Stamkos in COLUMBUS zone.
13:25 of 1st period - Shot by Steven Stamkos.
13:25 of 1st period - Shot Misses the Net.
13:33 of 1st period - Shot by Steven Stamkos.
13:33 of 1st period - Stopped by Jacob Markstrom without a rebound.
13:34 of 1st period - T.J. Oshie wins face-off versus Boone Jenner in NEW YORK I zone.
13:56 of 1st period - Icing by Mattias Ekholm.
13:57 of 1st period - Logan Couture wins face-off versus Lars Eller in COLUMBUS zone.
14:09 of 1st period - Shot by T.J. Oshie.
14:09 of 1st period - Deflect By Lars Eller.
14:09 of 1st period - Stopped by Jacob Markstrom with a rebound.
14:11 of 1st period - Shot by Lars Eller.
14:11 of 1st period - Shot Misses the Net.
14:13 of 1st period - Shot by Mattias Ekholm.
14:13 of 1st period - Shot Misses the Net.
14:15 of 1st period - Shot by Mattias Ekholm.
14:15 of 1st period - Stopped by Jacob Markstrom with a rebound.
14:17 of 1st period - Shot by Lars Eller.
14:17 of 1st period - Shot Misses the Net.
14:19 of 1st period - Shot by Mattias Ekholm.
14:19 of 1st period - Stopped by Jacob Markstrom without a rebound.
14:20 of 1st period - Claude Giroux wins face-off versus Ryan Strome in NEW YORK I zone.
14:23 of 1st period - Shot by Aleksander Barkov.
14:23 of 1st period - Shot Misses the Net.
14:37 of 1st period - Shot by Brandon Saad.
14:37 of 1st period - Shot Misses the Net.
14:39 of 1st period - Shot by Anthony Mantha.
14:39 of 1st period - Shot Blocked by Jacob Trouba.
14:40 of 1st period - Minor Penalty to Jacob Trouba for Diving.
14:41 of 1st period - Aleksander Barkov wins face-off versus Logan Couture in COLUMBUS zone.
16:04 of 1st period - Icing by Scott Mayfield.
16:05 of 1st period - Ryan Strome wins face-off versus Aleksander Barkov in NEW YORK I zone.
16:14 of 1st period - Shot by Esa Lindell.
16:14 of 1st period - Shot Blocked by Ben Chiarot.
16:16 of 1st period - Shot by Scott Mayfield.
16:16 of 1st period - Stopped by David Rittich with a rebound.
17:16 of 1st period - Shot by Marcus Foligno.
17:16 of 1st period - Stopped by David Rittich without a rebound.
17:17 of 1st period - Aleksander Barkov wins face-off versus Pierre-Edouard Bellemare in COLUMBUS zone.
17:31 of 1st period - Shot by Pat Maroon.
17:31 of 1st period - Stopped by David Rittich without a rebound.
17:32 of 1st period - Lars Eller wins face-off versus Logan Couture in COLUMBUS zone.
17:39 of 1st period - Shot by Mattias Ekholm.
17:39 of 1st period - Shot Blocked by Ben Hutton.
17:41 of 1st period - Shot by Jonathan Drouin.
17:41 of 1st period - Stopped by Jacob Markstrom without a rebound.
17:42 of 1st period - Ryan Strome wins face-off versus Derek Grant in NEW YORK I zone.
17:48 of 1st period - Off-side.
17:49 of 1st period - Logan Couture wins face-off versus Aleksander Barkov in neutral zone.
17:59 of 1st period - Shot by Nick Foligno.
17:59 of 1st period - Shot Misses the Net.
18:07 of 1st period - Shot by Logan Couture.
18:07 of 1st period - Stopped by David Rittich without a rebound.
18:08 of 1st period - Ryan Strome wins face-off versus Lars Eller in COLUMBUS zone.
18:19 of 1st period - Shot by Lars Eller.
18:19 of 1st period - Stopped by Jacob Markstrom without a rebound.
18:20 of 1st period - Logan Couture wins face-off versus Aleksander Barkov in NEW YORK I zone.
18:51 of 1st period - Shot by Josh Bailey.
18:51 of 1st period - Stopped by David Rittich without a rebound.
18:52 of 1st period - Lars Eller wins face-off versus Ryan Strome in COLUMBUS zone.
19:02 of 1st period - Icing by Jacob Trouba.
19:03 of 1st period - Lars Eller wins face-off versus Boone Jenner in COLUMBUS zone.
19:03 of 1st period - Lars Eller is hit by Marcus Foligno.
19:12 of 1st period - Shot by T.J. Oshie.
19:12 of 1st period - Stopped by Jacob Markstrom without a rebound.
19:13 of 1st period - Aleksander Barkov wins face-off versus Logan Couture in NEW YORK I zone.
19:39 of 1st period - Shot by Steven Stamkos.
19:39 of 1st period - Shot Misses the Net.
Goals for this period are 0 for COLUMBUS vs 3 for NEW YORK I.
Shots for this period are 11 for COLUMBUS vs 15 for NEW YORK I.

2nd period


0:01 of 2nd period - Ryan Strome wins face-off versus Lars Eller in neutral zone.
0:22 of 2nd period - Lars Eller is hit by Matt Dumba and loses puck.
0:37 of 2nd period - Shot by T.J. Oshie.
0:37 of 2nd period - Shot Misses the Net.
0:39 of 2nd period - Shot by Lars Eller.
0:39 of 2nd period - Shot Misses the Net.
0:41 of 2nd period - Shot by Lars Eller.
0:41 of 2nd period - Shot Misses the Net.
0:48 of 2nd period - Icing by Jared Spurgeon.
0:49 of 2nd period - Derek Grant wins face-off versus Ryan Strome in NEW YORK I zone.
1:54 of 2nd period - Shot by Steven Stamkos.
1:54 of 2nd period - Stopped by Jacob Markstrom without a rebound.
1:55 of 2nd period - Lars Eller wins face-off versus Boone Jenner in NEW YORK I zone.
2:10 of 2nd period - Shot by Ben Chiarot.
2:10 of 2nd period - Shot Misses the Net.
2:12 of 2nd period - Shot by Jacob Trouba.
2:12 of 2nd period - Shot Blocked by Scott Mayfield.
2:57 of 2nd period - Shot by Claude Giroux.
2:57 of 2nd period - Stopped by Jacob Markstrom with a rebound.
3:03 of 2nd period - Shot by Aleksander Barkov.
3:03 of 2nd period - Stopped by Jacob Markstrom without a rebound.
3:04 of 2nd period - Derek Grant wins face-off versus Logan Couture in NEW YORK I zone.
3:09 of 2nd period - Shot by Anthony Beauvillier.
3:09 of 2nd period - Shot Blocked by Esa Lindell.
3:49 of 2nd period - Mattias Ekholm is hit by Nick Foligno and loses puck.
4:00 of 2nd period - Shot by Pierre-Edouard Bellemare.
4:00 of 2nd period - Shot Misses the Net.
4:02 of 2nd period - Shot by Jared Spurgeon.
4:02 of 2nd period - Goal by Jared Spurgeon - COLUMBUS : 0 - NEW YORK I : 4.
4:03 of 2nd period - Pierre-Edouard Bellemare wins face-off versus Lars Eller in neutral zone.
5:30 of 2nd period - Shot by Anthony Mantha.
5:30 of 2nd period - Stopped by David Rittich without a rebound.
5:31 of 2nd period - Logan Couture wins face-off versus Sean Kuraly in COLUMBUS zone.
5:35 of 2nd period - Minor Penalty to John Carlson for Tripping.
5:36 of 2nd period - Logan Couture wins face-off versus Aleksander Barkov in COLUMBUS zone.
5:37 of 2nd period - Shot by Scott Mayfield.
5:37 of 2nd period - Stopped by David Rittich without a rebound.
5:38 of 2nd period - Aleksander Barkov wins face-off versus Logan Couture in COLUMBUS zone.
6:10 of 2nd period - Shot by Josh Bailey.
6:10 of 2nd period - Goal by Josh Bailey - COLUMBUS : 0 - NEW YORK I : 5.
6:11 of 2nd period - Derek Grant wins face-off versus Ryan Strome in neutral zone.
6:13 of 2nd period - Jacob Trouba is hit by Matt Dumba and loses puck.
6:20 of 2nd period - Shot by Anthony Beauvillier.
6:20 of 2nd period - Goal by Anthony Beauvillier - COLUMBUS : 1 - NEW YORK I : 5.
6:21 of 2nd period - Boone Jenner wins face-off versus Sean Kuraly in neutral zone.
6:31 of 2nd period - Icing by Jacob Trouba.
6:32 of 2nd period - Logan Couture wins face-off versus Sean Kuraly in COLUMBUS zone.
7:03 of 2nd period - Shot by Cam Atkinson.
7:03 of 2nd period - Shot Blocked by Ben Hutton.
7:05 of 2nd period - Shot by Jack Roslovic.
7:05 of 2nd period - Goal by Jack Roslovic - COLUMBUS : 2 - NEW YORK I : 5.
7:06 of 2nd period - Ryan Strome wins face-off versus Lars Eller in neutral zone.
7:39 of 2nd period - Shot by Ryan Strome.
7:39 of 2nd period - Shot Misses the Net.
7:41 of 2nd period - Shot by Esa Lindell.
7:41 of 2nd period - Stopped by David Rittich with a rebound.
7:43 of 2nd period - Shot by Esa Lindell.
7:43 of 2nd period - Stopped by David Rittich without a rebound.
7:44 of 2nd period - Aleksander Barkov wins face-off versus Boone Jenner in COLUMBUS zone.
8:25 of 2nd period - Shot by Claude Giroux.
8:25 of 2nd period - Deflect By Steven Stamkos.
8:25 of 2nd period - Stopped by Jacob Markstrom with a rebound.
9:00 of 2nd period - Off-side.
9:01 of 2nd period - Lars Eller wins face-off versus Ryan Strome in neutral zone.
9:24 of 2nd period - Anthony Mantha is hit by Jonathan Drouin and loses puck.
9:56 of 2nd period - Icing by Esa Lindell.
9:57 of 2nd period - Ryan Strome wins face-off versus Derek Grant in NEW YORK I zone.
10:09 of 2nd period - Off-side.
10:10 of 2nd period - Logan Couture wins face-off versus Sean Kuraly in neutral zone.
10:29 of 2nd period - Shot by Josh Bailey.
10:29 of 2nd period - Stopped by David Rittich without a rebound.
10:30 of 2nd period - Boone Jenner wins face-off versus Aleksander Barkov in COLUMBUS zone.
10:39 of 2nd period - Shot by Boone Jenner.
10:39 of 2nd period - Deflect By Austin Watson.
10:39 of 2nd period - Shot Misses the Net.
10:56 of 2nd period - Aleksander Barkov is hit by Matt Dumba and loses puck.
11:44 of 2nd period - Icing by Jonathan Drouin.
11:45 of 2nd period - Lars Eller wins face-off versus Ryan Strome in COLUMBUS zone.
11:45 of 2nd period - Mattias Ekholm is hit by Anthony Mantha.
12:10 of 2nd period - Shot by Brandon Saad.
12:10 of 2nd period - Stopped by David Rittich with a rebound.
12:34 of 2nd period - John Carlson is hit by Anthony Mantha and loses puck.
13:07 of 2nd period - Shot by Derek Grant.
13:07 of 2nd period - Stopped by Jacob Markstrom without a rebound.
13:08 of 2nd period - Boone Jenner wins face-off versus Aleksander Barkov in NEW YORK I zone.
13:08 of 2nd period - Boone Jenner is hit by Claude Giroux.
13:30 of 2nd period - Shot by Steven Stamkos.
13:30 of 2nd period - Shot Misses the Net.
13:32 of 2nd period - Shot by Erik Cernak.
13:32 of 2nd period - Shot Misses the Net.
13:34 of 2nd period - Shot by Steven Stamkos.
13:34 of 2nd period - Stopped by Jacob Markstrom without a rebound.
13:35 of 2nd period - Derek Grant wins face-off versus Logan Couture in NEW YORK I zone.
13:48 of 2nd period - Shot by Logan Couture.
13:48 of 2nd period - Goal by Logan Couture - COLUMBUS : 2 - NEW YORK I : 6.
13:49 of 2nd period - Sean Kuraly wins face-off versus Pierre-Edouard Bellemare in neutral zone.
13:57 of 2nd period - Icing by Jared Spurgeon.
13:58 of 2nd period - Pierre-Edouard Bellemare wins face-off versus Aleksander Barkov in NEW YORK I zone.
14:26 of 2nd period - Claude Giroux is hit by Jared Spurgeon and loses puck.
14:27 of 2nd period - Minor Penalty to Matt Dumba for Slashing.
14:28 of 2nd period - Boone Jenner wins face-off versus Lars Eller in NEW YORK I zone.
14:28 of 2nd period - Boone Jenner is hit by T.J. Oshie.
15:05 of 2nd period - Icing by Lars Eller.
15:06 of 2nd period - Boone Jenner wins face-off versus Lars Eller in COLUMBUS zone.
15:22 of 2nd period - John Carlson is hit by Cedric Paquette and loses puck.
15:46 of 2nd period - Off-side.
15:47 of 2nd period - Boone Jenner wins face-off versus Aleksander Barkov in neutral zone.
16:29 of 2nd period - Icing by Rasmus Ristolainen.
16:30 of 2nd period - Josh Bailey wins face-off versus Derek Grant in NEW YORK I zone.
16:30 of 2nd period - Josh Bailey is hit by Derek Grant.
16:41 of 2nd period - Icing by Erik Cernak.
16:42 of 2nd period - Ryan Strome wins face-off versus Derek Grant in COLUMBUS zone.
16:48 of 2nd period - Off-side.
16:49 of 2nd period - Lars Eller wins face-off versus Logan Couture in neutral zone.
17:13 of 2nd period - Shot by Lars Eller.
17:13 of 2nd period - Shot Misses the Net.
18:54 of 2nd period - Brandon Saad is hit by Derek Grant and loses puck.
18:59 of 2nd period - Shot by Anthony Beauvillier.
18:59 of 2nd period - Goal by Anthony Beauvillier - COLUMBUS : 3 - NEW YORK I : 6.
19:00 of 2nd period - Lars Eller wins face-off versus Boone Jenner in neutral zone.
19:04 of 2nd period - Minor Penalty to Marcus Foligno for Tripping.
19:05 of 2nd period - Lars Eller wins face-off versus Boone Jenner in NEW YORK I zone.
19:46 of 2nd period - Shot by John Carlson.
19:46 of 2nd period - Stopped by Jacob Markstrom without a rebound.
19:47 of 2nd period - Cedric Paquette wins face-off versus Aleksander Barkov in NEW YORK I zone.
19:47 of 2nd period - Cedric Paquette is hit by Steven Stamkos.
Goals for this period are 3 for COLUMBUS vs 3 for NEW YORK I.
Shots for this period are 10 for COLUMBUS vs 9 for NEW YORK I.

3rd period


0:01 of 3rd period - Aleksander Barkov wins face-off versus Boone Jenner in neutral zone.
0:26 of 3rd period - Icing by Aleksander Barkov.
0:27 of 3rd period - Boone Jenner wins face-off versus Aleksander Barkov in COLUMBUS zone.
0:52 of 3rd period - Shot by Steven Stamkos.
0:52 of 3rd period - Deflect By Aleksander Barkov.
0:52 of 3rd period - Stopped by Jacob Markstrom without a rebound.
0:53 of 3rd period - Lars Eller wins face-off versus Boone Jenner in NEW YORK I zone.
1:04 of 3rd period - Shot by T.J. Oshie.
1:04 of 3rd period - Deflect By Anthony Beauvillier.
1:04 of 3rd period - Shot Blocked by Jared Spurgeon.
1:06 of 3rd period - Shot by Erik Cernak.
1:06 of 3rd period - Goal by Erik Cernak - COLUMBUS : 4 - NEW YORK I : 6.
1:07 of 3rd period - Anthony Beauvillier wins face-off versus Logan Couture in neutral zone.
1:09 of 3rd period - Off-side.
1:10 of 3rd period - Lars Eller wins face-off versus Logan Couture in neutral zone.
1:49 of 3rd period - Shot by Logan Couture.
1:49 of 3rd period - Shot Misses the Net.
1:52 of 3rd period - Icing by Jacob Trouba.
1:53 of 3rd period - Jonathan Drouin wins face-off versus Boone Jenner in COLUMBUS zone.
2:48 of 3rd period - Shot by Anthony Mantha.
2:48 of 3rd period - Stopped by David Rittich without a rebound.
2:49 of 3rd period - Ryan Strome wins face-off versus Derek Grant in COLUMBUS zone.
3:01 of 3rd period - Icing by Esa Lindell.
3:02 of 3rd period - Sean Kuraly wins face-off versus Anthony Mantha in NEW YORK I zone.
4:42 of 3rd period - Shot by Nick Foligno.
4:42 of 3rd period - Shot Blocked by John Carlson.
4:57 of 3rd period - Minor Penalty to Logan Couture for Slashing.
4:58 of 3rd period - Boone Jenner wins face-off versus Aleksander Barkov in NEW YORK I zone.
4:58 of 3rd period - Scott Mayfield is hit by Steven Stamkos and loses puck.
5:25 of 3rd period - Shot by Claude Giroux.
5:25 of 3rd period - Stopped by Jacob Markstrom without a rebound.
5:26 of 3rd period - Aleksander Barkov wins face-off versus Boone Jenner in NEW YORK I zone.
5:48 of 3rd period - Icing by Ben Chiarot.
5:49 of 3rd period - Carter Rowney wins face-off versus Claude Giroux in COLUMBUS zone.
7:22 of 3rd period - Shot by Anthony Beauvillier.
7:22 of 3rd period - Stopped by Jacob Markstrom without a rebound.
7:23 of 3rd period - Sean Kuraly wins face-off versus Logan Couture in NEW YORK I zone.
7:26 of 3rd period - Shot by Jack Roslovic.
7:26 of 3rd period - Goal by Jack Roslovic - COLUMBUS : 5 - NEW YORK I : 6.
7:27 of 3rd period - Aleksander Barkov wins face-off versus Nick Foligno in neutral zone.
7:34 of 3rd period - Shot by Steven Stamkos.
7:34 of 3rd period - Shot Blocked by Esa Lindell.
8:11 of 3rd period - Off-side.
8:12 of 3rd period - Lars Eller wins face-off versus Boone Jenner in neutral zone.
8:15 of 3rd period - Scott Mayfield is hit by T.J. Oshie and loses puck.
8:23 of 3rd period - Jonathan Drouin is hit by Scott Mayfield and loses puck.
8:49 of 3rd period - Shot by T.J. Oshie.
8:49 of 3rd period - Stopped by Jacob Markstrom with a rebound.
9:16 of 3rd period - Icing by Matt Dumba.
9:17 of 3rd period - Aleksander Barkov wins face-off versus Ryan Strome in NEW YORK I zone.
10:53 of 3rd period - Off-side.
10:54 of 3rd period - Boone Jenner wins face-off versus Lars Eller in neutral zone.
12:09 of 3rd period - Shot by Steven Stamkos.
12:09 of 3rd period - Shot Misses the Net.
12:11 of 3rd period - Shot by Aleksander Barkov.
12:11 of 3rd period - Shot Blocked by Scott Mayfield.
12:13 of 3rd period - Shot by Aleksander Barkov.
12:13 of 3rd period - Shot Misses the Net.
12:43 of 3rd period - Off-side.
12:44 of 3rd period - Sean Kuraly wins face-off versus Logan Couture in neutral zone.
12:44 of 3rd period - Sean Kuraly is hit by Nick Foligno.
13:03 of 3rd period - Minor Penalty to Esa Lindell for Tripping.
13:04 of 3rd period - Lars Eller wins face-off versus Cedric Paquette in NEW YORK I zone.
13:26 of 3rd period - Off-side.
13:27 of 3rd period - Aleksander Barkov wins face-off versus Cedric Paquette in neutral zone.
13:45 of 3rd period - Off-side.
13:46 of 3rd period - Lars Eller wins face-off versus Boone Jenner in neutral zone.
14:09 of 3rd period - Shot by Jacob Trouba.
14:09 of 3rd period - Stopped by Jacob Markstrom with a rebound.
14:27 of 3rd period - Shot by T.J. Oshie.
14:27 of 3rd period - Deflect By Jonathan Drouin.
14:27 of 3rd period - Goal by Jonathan Drouin - COLUMBUS : 6 - NEW YORK I : 6.
14:28 of 3rd period - Aleksander Barkov wins face-off versus Ryan Strome in neutral zone.
14:59 of 3rd period - Shot by Brandon Saad.
14:59 of 3rd period - Shot Misses the Net.
16:28 of 3rd period - Off-side.
16:29 of 3rd period - Derek Grant wins face-off versus Boone Jenner in neutral zone.
16:55 of 3rd period - Shot by Austin Watson.
16:55 of 3rd period - Shot Blocked by Ryan Murray.
17:21 of 3rd period - Shot by Ryan Strome.
17:21 of 3rd period - Stopped by David Rittich without a rebound.
17:22 of 3rd period - Lars Eller wins face-off versus Logan Couture in COLUMBUS zone.
17:43 of 3rd period - Shot by Nick Foligno.
17:43 of 3rd period - Stopped by David Rittich with a rebound.
18:47 of 3rd period - John Carlson is hit by Brandon Saad and loses puck.
19:07 of 3rd period - Jack Roslovic is hit by Anthony Mantha and loses puck.
19:19 of 3rd period - Ryan Murray is hit by Matt Dumba and loses puck.
Goals for this period are 3 for COLUMBUS vs 0 for NEW YORK I.
Shots for this period are 8 for COLUMBUS vs 3 for NEW YORK I.

Overtime #1


0:01 of 1st overtime period - Pierre-Edouard Bellemare wins face-off versus Aleksander Barkov in neutral zone.
0:36 of 1st overtime period - Shot by Aleksander Barkov.
0:36 of 1st overtime period - Deflect By Sean Kuraly.
0:36 of 1st overtime period - Stopped by Jacob Markstrom without a rebound.
0:37 of 1st overtime period - Aleksander Barkov wins face-off versus Pierre-Edouard Bellemare in NEW YORK I zone.
0:40 of 1st overtime period - Shot by Aleksander Barkov.
0:40 of 1st overtime period - Shot Blocked by Matt Dumba.
0:42 of 1st overtime period - Shot by Aleksander Barkov.
0:42 of 1st overtime period - Shot Misses the Net.
0:44 of 1st overtime period - Shot by Aleksander Barkov.
0:44 of 1st overtime period - Shot Misses the Net.
0:52 of 1st overtime period - Shot by Aleksander Barkov.
0:52 of 1st overtime period - Shot Misses the Net.
0:54 of 1st overtime period - Shot by Sean Kuraly.
0:54 of 1st overtime period - Stopped by Jacob Markstrom with a rebound.
0:56 of 1st overtime period - Shot by Sean Kuraly.
0:56 of 1st overtime period - Stopped by Jacob Markstrom without a rebound.
0:57 of 1st overtime period - Cedric Paquette wins face-off versus Claude Giroux in NEW YORK I zone.
1:12 of 1st overtime period - Shot by Cedric Paquette.
1:12 of 1st overtime period - Shot Misses the Net.
1:24 of 1st overtime period - Shot by Aleksander Barkov.
1:24 of 1st overtime period - Shot Misses the Net.
1:54 of 1st overtime period - Shot by Pat Maroon.
1:54 of 1st overtime period - Shot Hit the Post.
2:27 of 1st overtime period - Icing by Ben Hutton.
2:28 of 1st overtime period - Pierre-Edouard Bellemare wins face-off versus Claude Giroux in NEW YORK I zone.
2:51 of 1st overtime period - Shot by Jack Roslovic.
2:51 of 1st overtime period - Stopped by Jacob Markstrom without a rebound.
2:52 of 1st overtime period - Cedric Paquette wins face-off versus Aleksander Barkov in NEW YORK I zone.
4:40 of 1st overtime period - Shot by Pierre-Edouard Bellemare.
4:40 of 1st overtime period - Goal by Pierre-Edouard Bellemare - COLUMBUS : 6 - NEW YORK I : 7.
Goals for this period are 0 for COLUMBUS vs 1 for NEW YORK I.
Shots for this period are 4 for COLUMBUS vs 1 for NEW YORK I.